cohdb
Replays
Latest Replays
All Replays
Popular Replays
Top Player Replays
Match Explorer
How It Works
Community
CoH3 Stats
Reddit
Sign in to upload your games and track your stats! →
Sign in with Steam
Match 42887305
Unlisted
Match 42887305
Overview
Messages
Build Orders
End
Construct Barracks
Selects Special Operations Battlegroup
Riflemen Squad
Selects M29 Weasel Recon Vehicle
M29 Weasel Recon Vehicle
Riflemen Squad
Riflemen Squad
Mechanized Support Center
Grenade Package
Construct Motor Pool
Selects Raiding Flares
M24 Chaffee Light Tank
Construct Medical Station
Selects SSF Commando Squad
Raiding Flares
Engineer Squad
DevilDuck
JVM
Grava_star
名字很长很厉害GX
Brazuca
Iracnats
Marcoprisco
Darren3101
0
0
Comments
sign in to comment!
No comments posted yet!